 Dungeon Crawl Stone Soup version 0.27.1-34-g3ba077fa99 (webtiles) character file.

Game seed: 14554473324321796437

263 cbfl8 the Covered (level 5, -5/45 HPs)
             Began as a Minotaur Wanderer on Jan 17, 2022.
             Was an Initiate of Yredelemnul.
             Slain by an ogre (9 damage)
             ... on level 5 of the Dungeon.
             The game lasted 00:07:41 (4475 turns).

cbfl8 the Covered (Minotaur Wanderer)               Turns: 4475, Time: 00:07:42

Health: -5/45      AC:  9    Str: 17    XL:     5   Next: 98%
Magic:  22/22      EV:  6    Int:  9    God:    Yredelemnul [......]
Gold:   210        SH:  7    Dex: 10    Spells: 4/4 levels left

rFire    . . .     SeeInvis .   j - +2 whip (elec)
rCold    . . .     Faith    .   t - +0 kite shield
rNeg     . . .     Spirit   .   d - +2 scale mail
rPois    .         Reflect  .   (helmet restricted)
rElec    .         Harm     .   (no cloak)
rCorr    .         Rampage  .   (no gloves)
Will     .....                  (no boots)
Stlth    ..........             (no amulet)
HPRegen  0.15/turn              g - ring of magical power
MPRegen  0.18/turn              n - ring of magical power

@: no status effects
A: horns 2, retaliatory headbutt
a: Renounce Religion


You were on level 5 of the Dungeon.
You worshipped Yredelemnul.
Yredelemnul was noncommittal.
You visited 2 branches of the dungeon, and saw 6 of its levels.

You collected 210 gold pieces.

Inventory:

Hand Weapons
 a - a +0 club
 i - a +1 vampiric whip
 j - a +2 whip of electrocution (weapon)
Missiles
 y - a throwing net
Armour
 d - a +2 scale mail (worn)
 t - a +0 kite shield (worn)
Jewellery
 g - a ring of magical power (left hand)
 k - a ring of flight
 n - a ring of magical power (right hand)
 o - a ring of magical power
 v - a ring of magical power
Wands
 p - a wand of polymorph (12)
 q - a wand of paralysis (20)
Scrolls
 e - 8 scrolls of identify {unknown}
 f - a scroll of noise {unknown}
 h - 2 scrolls of magic mapping {unknown}
 l - 2 scrolls of enchant weapon {unknown}
 m - a scroll of fear {unknown}
 r - 2 scrolls of fog {unknown}
 u - a scroll of blinking {unknown}
 z - a scroll of acquirement {unknown}
Potions
 b - a potion of curing
 s - a potion of attraction {unknown}
 w - 2 potions of resistance {unknown}
 x - a potion of might {unknown}
 A - 2 potions of flight {unknown}
Miscellaneous
 c - a piece from Xom's chessboard (15/15) (quivered)


   Skills:
 + Level 3.4 Fighting
 + Level 3.6 Maces & Flails
 + Level 2.6 Bows
 + Level 6.0 Armour
 + Level 1.0 Dodging
 + Level 0.6 Stealth
 + Level 0.1 Shields
 + Level 2.1 Evocations


You had 4 spell levels left.
You didn't know any spells.
Your spell library contained the following spells:

 Spells                   Type           Power      Damage    Failure   Level
 Dazzling Flash           Conj/Hex       0%         N/A       100%        3
 Agony                    Necr           0%         N/A       100%        5
 Silence                  Hex/Air        0%         N/A       100%        5


Dungeon Overview and Level Annotations

Branches:
Dungeon (5/15)             Temple (1/1) D:4

Altars:
Ashenzari
Cheibriados
Gozag
Hepliaklqana
Kikubaaqudgha
Makhleb
Nemelex Xobeh
Okawaru
Qazlal
Sif Muna
Uskayaw
Vehumet
Wu Jian
Xom
Yredelemnul
Zin
The Shining One


Innate Abilities, Weirdness & Mutations

You have a pair of horns on your head.
You reflexively headbutt those who attack you in melee.


Message History

You headbutt the wyvern zombie!
The wyvern zombie is almost destroyed.
The wyvern zombie barely misses you.
Unknown command.
You hit the wyvern zombie.
You headbutt the wyvern zombie, but do no damage.
The wyvern zombie is almost destroyed.
The wyvern zombie bites you.
The wyvern zombie bites you but does no damage.
You whack the wyvern zombie!
You destroy the wyvern zombie!
Yredelemnul accepts your kill.
Your Armour skill increases to level 6!
Unknown command.
You start resting.
HP restored.
You start waiting.
Done waiting.
An ogre comes into view. It is wielding a +0 giant spiked club.
The ogre shouts!
The ogre barely misses you. The ogre hits you but does no damage.
You hit the ogre.
The ogre is lightly wounded.
The ogre hits you with a +0 giant spiked club!!
Ouch! That really hurt!
Unknown command.
You barely miss the ogre.
The ogre is lightly wounded.
The ogre hits you with a +0 giant spiked club!
* * * LOW HITPOINT WARNING * * *
You hit the ogre.
The ogre is moderately wounded.
The ogre barely misses you.
Unknown command.
You closely miss the ogre. You headbutt the ogre.
The ogre is heavily wounded.
The ogre hits you with a +0 giant spiked club!
You die...
Your body rises from the dead as a mindless zombie.

#....### #.......
#...... #.....# #.....#
#.....# #....O### ###
#....@..######(##
#..<............######
#.....$..#####.........
....####### ###.......
..# #......... #
#..........
.............
##..........<
#............


You could see an ogre.

Vanquished Creatures
  An ogre (D:3)
  A wyvern zombie (D:5)
  A hound skeleton (D:4)
  4 adders
  A white imp (D:3)
  An adder skeleton (D:4)
  A dart slug (D:4)
  An orc (D:4)
  8 endoplasms
  5 giant cockroaches
  4 goblins
  3 hobgoblins
  2 jackals (D:3)
  4 quokkas
  8 ball pythons
  3 bats
  4 frilled lizards
  7 kobolds
  5 rats
64 creatures vanquished.

Notes
Turn   | Place    | Note
-------+----------+-------------------------------------------
     0 | D:1      | cbfl8 the Minotaur Wanderer began the quest for the Orb.
     0 | D:1      | cbfl8 set off with the following items: a +0 club, a potion
                  | of curing, a piece from Xom's chessboard (15/15), a +2
                  | scale mail
     0 | D:1      | Reached XP level 1. HP: 18/18 MP: 0/0
   290 | D:1      | Found a faded altar of an unknown god.
   379 | D:1      | Reached XP level 2. HP: 19/25 MP: 1/1
   381 | D:1      | Reached skill level 4 in Armour
  1661 | D:2      | Reached XP level 3. HP: 30/30 MP: 2/2
  2422 | D:3      | Reached XP level 4. HP: 30/38 MP: 3/3
  2754 | D:3      | Reached skill level 5 in Armour
  2834 | D:3      | Noticed an ogre
  2838 | D:3      | Killed an ogre
  2839 | D:3      | Reached XP level 5. HP: 45/45 MP: 4/4
  3217 | D:3      | Reached skill level 1 in Dodging
  3258 | D:3      | Found a hazy altar of Hepliaklqana.
  3292 | D:4      | Found a staircase to the Ecumenical Temple.
  3352 | Temple   | Entered the Ecumenical Temple
  3380 | Temple   | Became a worshipper of Yredelemnul the Dark
  3631 | D:4      | Found a stormy altar of Qazlal.
  3785 | D:4      | Found a glowing golden altar of the Shining One.
  3832 | D:4      | Found a hide-covered altar of Uskayaw.
  3992 | D:4      | Found a sparkling altar of Nemelex Xobeh.
  4227 | D:5      | Entered Level 5 of the Dungeon
  4259 | D:5      | Reached skill level 6 in Armour
  4468 | D:5      | Noticed an ogre
  4475 | D:5      | Slain by an ogre

Illustrated notes

Levels and vault maps discovered:
D:1:      heliophobic_arrival_glass_houses, layout_basic,
          shapermc_ecumenical_altar_starsandcircs
D:2:      layout_basic
D:3:      layout_loops_ring, mainiacjoe_overflow_alcove_4
D:4:      layout_loops_ring, kennysheep_little_box, kennysheep_mini_moat,
          tso_metal_star, mainiacjoe_overflow_surrounded_room,
          minmay_temple_entry_grid
D:5:      layout_layer_cave, nicolae_overflow_hidden_temple,
          nicolae_specific_store, minmay_diced_spiral
Temple:   minmay_temple_bridge_abc

Skill      XL: |  1  2  3  4  5 |
---------------+----------------+-----
Evocations     | 2 |  2.1
Armour         | 4 5 6 |  6.0
Fighting       | 3 |  3.4
Maces & Flails | 2 3 |  3.6
Dodging        | 1 |  1.0
Bows           | |  2.6
Stealth        | |  0.6
Shields        | |  0.1

Action                   |  1- 3 |  4- 6 || total
-------------------------+-------+-------++-------
Melee: Club              |    40 |       ||    40
       Headbutt          |    17 |    10 ||    27
       Whip              |    55 |    52 ||   107
Armor: Scale mail        |    71 |    27 ||    98
Dodge: Dodged            |    64 |    18 ||    82
Block: Kite shield       |       |     6 ||     6
